drago, lawful male human Samurai | --------- |...- ......:..################################` | |>....f@| --------------- # |.....f.| |).............######## -------|- |.............| # # |.............| # ##..........<...| # # |.............| # ### --------------- # # ----.- ### .....| # |.....###### |.|..| |.....################### |.{..| ------ drago the Ninja Experience level: 6 Strength: 16 Dexterity: 17 Constitution: 18 Intelligence: 10 Wisdom: 8 Charisma: 8 Health: 0(64) Energy: 24(24) Def: 9 Gold: 826 Moves: 3346 Dungeon seed: bX-Cnq4t-nppOJyy Game ID: drago_1557853751 Your Inventory: Coins $ - 826 gold pieces Weapons a - a +0 katana (weapon in hand) b - a +0 wakizashi (alternate weapon; not wielded) c - a +0 yumi d - 30 +0 ya (in quiver) p - 8 +0 ya v - 6 +0 arrows w - a +0 bow z - 2 +0 daggers F - 9 +0 darts K - a +1 axe L - a +0 scimitar M - 7 +0 elven arrows Armor e - an uncursed rustproof +1 splint mail (being worn) n - an uncursed +0 orcish helm (being worn) y - an uncursed +0 pair of low boots (being worn) Comestibles o - an uncursed gunyoki Scrolls G - a cursed scroll of remove curse named cursed Potions l - an uncursed potion of oil Rings k - an uncursed ring of regeneration Tools x - 6 uncursed tallow candles (0:200) E - a blessed tallow candle (0:200) Gems q - 2 uncursed worthless pieces of yellowish brown glass r - 2 uncursed worthless pieces of red glass N - an uncursed amber stone Y - an uncursed worthless piece of green glass Spells and supernatural/magical abilities: Name Level Category Fail Memory W - pray for help -- divine ? -- Your skills at the end: Fighting Skills martial arts [Basic] Weapon Skills short sword [Basic] long sword [Basic] bow [Basic] Spellcasting Skills Final Attributes: You were piously aligned. You were fast. You are dead. Vanquished creatures: 2 gnome kings a housecat 3 gnome lords a black naga hatchling 5 giant ants 2 little dogs 2 floating eyes a homunculus 2 hill orcs 2 rothes 2 orc zombies 2 dwarf zombies a wererat an iguana an acid blob a gas spore a cave spider a yellow mold 9 gnomes a garter snake 3 geckos 6 jackals a kobold 4 goblins a sewer rat 4 grid bugs a bat 6 lichens a kobold zombie 5 newts 73 creatures vanquished. Voluntary challenges: You were an atheist. You used a wielded weapon 91 times, starting on turn 27. You read items or engraved 30 times, starting on turn 346. You never genocided any monsters. You never polymorphed an object. You never changed form. You used no wishes. You never split a pudding. You wrote Elbereth's name 24 times, starting on turn 1236. You never violated your personal moral code. Dungeon overview: The Dungeons of Doom: levels 1 to 9 Level 1 a fountain a long staircase Level 2 stairs to The Gnomish Mines Level 3 some fountains Level 4 Level 5 Level 6 an armor shop, some fountains Level 7 <- You were here a fountain Level 8 Level 9 The Gnomish Mines: levels 3 to 4 Level 3 stairs to The Dungeons of Doom Level 4 History has recorded: On T:1 you entered the Dungeons of Doom to retrieve the Amulet of Yendor! On T:165 you reached level 2 of The Dungeons of Doom. On T:225 you advanced to experience level 2. On T:573 you reached level 1 of The Gnomish Mines. On T:623 you reached level 3 of The Dungeons of Doom. On T:642 you advanced to experience level 3. On T:867 you reached level 4 of The Dungeons of Doom. On T:1302 you advanced to experience level 4. On T:1549 you advanced to experience level 5. On T:1879 you reached level 2 of The Gnomish Mines. On T:2249 you reached level 5 of The Dungeons of Doom. On T:2530 you reached level 6 of The Dungeons of Doom. On T:2690 you reached level 7 of The Dungeons of Doom. On T:2825 you reached level 9 of The Dungeons of Doom. On T:2829 you reached level 8 of The Dungeons of Doom. On T:3117 you advanced to experience level 6. Score breakdown: Gold: 826 ( 9924 points) Experience: 6 levels (12456 points) Exploration: 9 levels ( 18.00%) (12121 points) Discoveries: 8 items ( 3.25%) ( 5410 points) Valuables value: (no points given unless you survive) Artifact value: 0 ( 0 points) Variety of kills: 30 monsters ( 7.87%) ( 8418 points) Turncount: 3346 turns ( -761 points) Survival: died (score multiplied by 80%) Total score: 38054 Latest messages: Frizzi misses the lizard. (2x) The lizard bites! Frizzi misses the lizard. Frizzi bites the lizard. The lizard misses Frizzi. Frizzi misses the lizard. The lizard bites! Frizzi bites the lizard. The lizard bites Frizzi. The lizard bites! (2x) Greebo misses the lizard. (2x) The lizard bites! Greebo misses the lizard. (2x) Greebo bites the lizard. The lizard misses Greebo. The lizard bites! Greebo bites the lizard. The lizard misses Greebo. Greebo bites the lizard. Greebo misses the lizard. The lizard bites! You die... Final status: Sayonara drago the Samurai, killed by a lizard... You died in The Dungeons of Doom on dungeon level 7 with 38054 points, and 826 pieces of gold, after 3346 moves. You were level 6 with a maximum of 64 hit points when you died.